 Dungeon Crawl Stone Soup version 0.29.1-14-g9c671dbff4 (webtiles) character file.

Game seed: 6253299717787130178

107 GenaTheCrocodile the Covered (level 4, -13/37 HPs)
             Began as a Barachi Fighter on Feb 17, 2023.
             Killed from afar by Ijyb (22 damage)
             ... with a bolt of light
             ... on level 3 of the Dungeon.
             The game lasted 00:03:25 (2493 turns).

GenaTheCrocodile the Covered (Barachi Fighter)      Turns: 2493, Time: 00:03:25

Health: -13/37     AC:  7    Str: 19    XL:     4   Next: 85%
Magic:  4/4        EV:  9    Int:  8    God:
Gold:   46         SH:  0    Dex: 18    Spells: 3/3 levels left

rFire   + . .      SeeInvis .   a - +0 long sword
rCold   . . .      Faith    .   c - +0 buckler
rNeg    . . .      Spirit   .   b - +0 scale mail
rPois   .          Reflect  .   (no helmet)
rElec   .          Harm     .   (no cloak)
rCorr   .          Rampage  .   (no gloves)
Will    .....                   (no boots)
Stlth   ..........              (no amulet)
HPRegen 0.12/turn               h - ring of protection from fire
MPRegen 0.09/turn               k - +6 ring of dexterity

@: confused, mighty, slow
A: amphibious, slowness 1, strong legs 1, +LOS
a: Hop


You were on level 3 of the Dungeon.
You visited 1 branch of the dungeon, and saw 3 of its levels.

You collected 46 gold pieces.

Inventory:

Hand Weapons
 a - a +0 long sword (weapon)
Armour
 b - a +0 scale mail (worn)
 c - a +0 buckler (worn)
Jewellery
 h - a ring of protection from fire (left hand)
 k - a +6 ring of dexterity (right hand)
Scrolls
 e - a scroll of amnesia {unknown}
 f - 2 scrolls of identify {unknown}
 j - 2 scrolls of noise {unknown}
 l - 2 scrolls of teleportation {unknown}
 m - a scroll of enchant weapon {unknown}
 n - a scroll of immolation {unknown}
Potions
 g - a potion of brilliance {unknown}
 i - a potion of heal wounds {unknown}
 o - a potion of flight {unknown}
 p - 2 potions of degeneration {unknown}


   Skills:
 + Level 4.1 Fighting
 + Level 4.0 Long Blades
 + Level 4.4 Armour
 + Level 1.2 Dodging
 + Level 3.9 Shields


You had 3 spell levels left.
You didn't know any spells.
Your spell library was empty.

Dungeon Overview and Level Annotations

Branches:
Dungeon (3/15)

Altars:
Ashenzari
Gozag
The Shining One

Annotations:
D:3 Ijyb


Innate Abilities, Weirdness & Mutations

You are amphibious.
You cover ground slowly.
You can hop short distances.
You have an extended range of vision and can be seen from far away.


Message History

You closely miss Ijyb.
Ijyb is lightly wounded.
Ijyb hits you with a +0 club. Ijyb hits you but does no damage.
You hit Ijyb but do no damage.
Ijyb is lightly wounded.
Ijyb zaps a wand.
The bolt of light hits you!
You are confused.
You are too confused!
You are too confused!
You are too confused!
You are too confused!
You are too confused!
You are too confused!
You are too confused!
You are too confused!
You are too confused!
You are too confused!
You are too confused!
You are too confused!
You are too confused!
You are too confused!
You are too confused!
You are too confused!
You are too confused!
You hit Ijyb.
Ijyb is moderately wounded.
Ijyb zaps a wand.
The bolt of light hits you!
You are more confused.
* * * LOW HITPOINT WARNING * * *
You hit Ijyb but do no damage.
Ijyb is moderately wounded.
Ijyb hits you with a +0 club.
* * * LOW HITPOINT WARNING * * *
Okay, then.
You feel very mighty all of a sudden. Ijyb hits you but does no damage.
Ijyb zaps a wand.
The bolt of light hits you!!
You are more confused.
Ouch! That really hurt!
You die...

..........# #.....#
..........# #.....#
###...##### #.....#
#....# #.....#
##.#.## $?...
>..#(# ... #..#.#
##g# #..#.# ##..#
#....# #.@.# ....##
#.#.#
###############.#.#
.....#.......##.#.#
####.#.#####......#
...#)#.#...####.###
.#.#.#...#.# #.#
##.#.#####.# #.#
...#.......####.#


You could see Ijyb (resistant).

Vanquished Creatures
  3 adders
  A worm (D:3)
  3 dart slugs
  3 orcs (D:3)
  5 ball pythons
  8 endoplasms
  3 giant cockroaches
  3 goblins
  6 hobgoblins
  9 jackals
  A quokka (D:1)
  6 bats
  4 frilled lizards
  3 kobolds
  5 rats
63 creatures vanquished.

Notes
Turn   | Place    | Note
-------+----------+-------------------------------------------
     0 | D:1      | GenaTheCrocodile the Barachi Fighter began the quest for
                  | the Orb.
     0 | D:1      | Reached XP level 1. HP: 18/18 MP: 1/1
    30 | D:1      | Reached XP level 2. HP: 6/25 MP: 2/2
   594 | D:1      | Reached XP level 3. HP: 9/30 MP: 3/3
   807 | D:1      | Found a faded altar of an unknown god.
  1385 | D:2      | Reached skill level 1 in Dodging
  1467 | D:2      | Reached XP level 4. HP: 33/37 MP: 4/4
  1864 | D:3      | Found a glowing golden altar of the Shining One.
  2158 | D:3      | Found a broken altar of Ashenzari.
  2158 | D:3      | Found an opulent altar of Gozag.
  2484 | D:3      | Noticed Ijyb
  2493 | D:3      | Killed from afar by Ijyb

Illustrated notes

Levels and vault maps discovered:
D:1:      scummos_arrival_simple_fountains, layout_basic,
          chequers_ecumenical_altar_twisty, kennysheep_decorative_pillar
D:2:      layout_loops_ring
D:3:      layout_rooms, general_overflow_altar,
          gammafunk_temple_overflow_elements, patterned_corridor, uniq_ijyb

Skill      XL: |  1  2  3  4 |
---------------+-------------+-----
Armour         | 4 |  4.4
Fighting       | 4 |  4.1
Long Blades    | 3 4 |  4.0
Dodging        | 1 |  1.2
Shields        | |  3.9

Action                   |  1- 3 |  4- 6 || total
-------------------------+-------+-------++-------
Melee: Long sword        |   132 |    81 ||   213
  Use: Potion            |       |     1 ||     1
Armor: Scale mail        |   101 |    51 ||   152
Dodge: Dodged            |    79 |    48 ||   127
Block: Buckler           |    38 |    33 ||    71
